 Dungeon Crawl Stone Soup version 0.20.1-1-g8b1a95d (console) character file.

1875 hilaritas the Spear-Bearer (level 9, 0/72 HPs)
             Began as a Merfolk Wanderer on Mar 25, 2018.
             Was a Believer of Okawaru.
             Slain by an ogre
             ... wielding a +0 giant spiked club
              (24 damage)
             ... on level 6 of the Dungeon.
             The game lasted 00:20:29 (7683 turns).

hilaritas the Spear-Bearer (Merfolk Wanderer)       Turns: 7683, Time: 00:20:30

Health: 0/72       AC:  9    Str: 19    XL:     9   Next: 14%
Magic:  12/12      EV: 13    Int: 11    God:    Okawaru [**....]
Gold:   417        SH:  5    Dex: 15    Spells: 4/8 levels left

rFire    . . .     SeeInvis .   d - +0 spear (venom)
rCold    . . .     Gourm    .   c - +0 buckler (curse)
rNeg     . . .     Faith    .   o - +1 ring mail
rPois    +         Spirit   .   (no helmet)
rElec    .         Reflect  .   v - +2 cloak
rCorr    .         Harm     .   (no gloves)
MR       .....                  (no boots)
Stlth    +.........             (no amulet)
Regen    0.3/turn               i - +5 ring of strength
MPRegen  0.2/turn               g - ring of poison resistance

@: no status effects
A: change form in water, swift swim, stealthy swim
a: Heroism, Renounce Religion


You were on level 6 of the Dungeon.
You worshipped Okawaru.
Okawaru was pleased with you.
You were not hungry.

You visited 1 branch of the dungeon, and saw 6 of its levels.
You also visited: Ossuary.

You collected 417 gold pieces.

Inventory:

Hand Weapons
 d - a +0 spear of venom (weapon)
Armour
 c - a cursed +0 buckler (worn)
 o - a +1 ring mail (worn)
 v - a +2 cloak (worn)
Jewellery
 g - a ring of poison resistance (right hand)
 i - a +5 ring of strength (left hand)
 y - an uncursed ring of flight
Wands
 p - a wand of iceblast (4/15)
 r - a wand of enslavement (1/24)
 u - a wand of paralysis (16/24)
Scrolls
 e - 2 scrolls of remove curse
 j - 3 scrolls of teleportation
 l - a scroll of enchant armour
 m - a scroll of magic mapping
 s - a scroll of recharging
 x - a scroll of enchant weapon
Potions
 n - 2 potions of mutation
 q - 2 potions of brilliance {unknown}
 t - a potion of might {unknown}
 w - a potion of heal wounds {unknown}
Books
 a - a book of Spatial Translocations

   Spells                             Type                      Level
   a - Blink                          Translocation                2
   b - Shroud of Golubria             Charms/Translocation         2
   c - Lesser Beckoning               Translocation                3
   d - Gell's Gravitas                Translocation                3
   e - Teleport Other                 Translocation                3
   f - Passage of Golubria            Translocation                4
 b - Sif Muna's Incunabulum of Cold

   Spells                             Type                      Level
   a - Throw Frost                    Conjuration/Ice              2
   b - Ensorcelled Hibernation        Hexes/Ice                    2
Comestibles
 f - 3 bread rations
 h - a royal jelly
 k - a meat ration
 z - 5 chunks of flesh


   Skills:
 * Level 7.0 Fighting
   Level 1.5 Maces & Flails
 - Level 10.0 Polearms
 - Level 1.0 Armour
 - Level 5.0 Dodging
 * Level 3.3 Shields
 - Level 2.4 Translocations
 * Level 4.4 Invocations
 - Level 1.0 Evocations


You had 4 spell levels left.
You knew the following spells:

 Your Spells              Type           Power        Failure   Level  Hunger
a - Blink                 Tloc           N/A          36%         2    ###....
b - Shroud of Golubria    Chrm/Tloc      #.........   54%         2    ###....


Dungeon Overview and Level Annotations

Branches:
Dungeon (6/15)
 Temple: D:4-7

Altars:
Gozag
Kikubaaqudgha
Okawaru
Qazlal
Ru
Vehumet
Zin

Annotations:
D:5 1 runed door


Message History

Aim: an ogre, wielding a giant spiked club You reach to attack!
You hit the ogre.
The ogre is poisoned.
The ogre is lightly wounded.
Attack whom?
Press: ? - help, Dir - move target cursor, f/p - ogre
Aim: an ogre, wielding a giant spiked club (lightly wounded, poisoned)
You reach to attack!
You hit the ogre.
The ogre looks as sick as possible!
The ogre is moderately wounded.
You hit the ogre.
The ogre looks as sick as possible!
The ogre is severely wounded.
You hit the ogre.
The ogre looks as sick as possible!
The ogre is severely wounded.
You feel like a meek peon again. The ogre closely misses you.
You barely miss the ogre.
The ogre is severely wounded.
You hit the ogre.
The ogre is severely wounded.
The ogre hits you with a giant spiked club!!
You die...

### ..# ##.# ..##
###...## ##..#.#.#
###.####.#.#.#.#
......O@.)((.#.#########
#......####.((())(....(.
..........#...(#########
.......#.......(........
#>...................###
#.######...#.#..####.# #
##.##.#..# #.# #. #.#[.#
#.# #. #.#..# #.# ..#..#
#.# ...# #.###


You could see an ogre.

Vanquished Creatures
  The ghost of ceb the Skirmisher, an amateur DsFi of Hepliaklqana (D:4)
  A water moccasin (D:6)
  An orc warrior (D:6)
  An ice beast (D:6)
  A black bear (D:6)
  A necrophage (D:5)
  An ogre (D:6)
  A centaur (D:6)
  A gnoll sergeant (D:6)
  2 howler monkeys
  A gnoll shaman (D:4)
  5 orc priests
  A hound (D:3)
  2 jellies (D:5)
  4 orc wizards
  Crazy Yiuf (D:5)
  Ijyb (D:3)
  Jessica (D:3)
  An iguana (D:4)
  5 worker ants (D:5)
  A hound zombie (D:6)
  A mummy (D:5)
  8 gnolls
  7 adders
  An ooze (D:4)
  5 worms
  2 dart slugs
  2 leopard geckos
  7 orcs
  4 ball pythons
  5 giant cockroaches
  A goblin (D:2)
  9 hobgoblins
  10 jackals
  5 quokkas
  7 bats
  6 frilled lizards
  3 hobgoblin zombies (Ossuary)
  13 kobolds
  2 kobold zombies (Ossuary)
  2 orc zombies (Ossuary)
  A quokka skeleton (D:4)
  15 rats
150 creatures vanquished.

Vanquished Creatures (others)
  Sigmund (D:6)
1 creature vanquished.

Grand Total: 151 creatures vanquished

Notes
Turn   | Place    | Note
-------+----------+-------------------------------------------
     0 | D:1      | hilaritas the Merfolk Wanderer began the quest for the Orb.
     0 | D:1      | hilaritas set off with: a book of Spatial Translocations, Sif Muna's Incunabulum of Cold, a +0 mace, a +0 robe, a bread ration
     0 | D:1      | Reached XP level 1. HP: 16/16 MP: 1/1
     0 | D:1      | Identified Sif Muna's Incunabulum of Cold
   363 | D:1      | Reached XP level 2. HP: 23/23 MP: 2/2
   405 | D:1      | Reached skill level 1 in Dodging
  1029 | D:1      | Reached XP level 3. HP: 29/29 MP: 3/3
  1439 | D:2      | Found a radiant altar of Vehumet.
  1989 | D:2      | Reached XP level 4. HP: 10/37 MP: 4/4
  3429 | D:2      | Reached XP level 5. HP: 34/43 MP: 5/5
  3545 | D:3      | Reached skill level 1 in Polearms
  3734 | D:3      | Noticed Jessica
  3742 | D:3      | Killed Jessica
  3742 | D:3      | Reached skill level 5 in Fighting
  3905 | D:3      | Found a faded altar of an unknown god.
  3905 | D:3      | Found an iron altar of Okawaru.
  3910 | D:3      | Found a glowing silver altar of Zin.
  3915 | D:3      | Found a stormy altar of Qazlal.
  3915 | D:3      | Noticed Ijyb
  3916 | D:3      | Found a faded altar of an unknown god.
  3931 | D:3      | Killed Ijyb
  3931 | D:3      | Reached skill level 2 in Polearms
  3931 | D:3      | Reached XP level 6. HP: 45/51 MP: 6/6
  3944 | D:3      | Became a worshipper of Warmaster Okawaru
  4162 | D:4      | Noticed ceb's ghost (amateur DsFi)
  4238 | D:4      | Killed ceb's ghost
  4238 | D:4      | Reached skill level 3 in Polearms
  4248 | D:4      | Reached * piety under Okawaru
  4248 | D:4      | Reached skill level 1 in Invocations
  4714 | D:4      | Reached skill level 4 in Polearms
  4851 | D:4      | Reached XP level 7. HP: 56/56 MP: 7/7
  4944 | D:4      | Reached skill level 5 in Polearms
  4996 | D:4      | Reached skill level 5 in Dodging
  5335 | D:5      | Entered Level 5 of the Dungeon
  5379 | D:5      | Found a sand-covered staircase.
  5505 | Ossuary  | Entered an ossuary
  5594 | Ossuary  | Noticed ceb's ghost (novice DsFi)
  5936 | D:5      | Reached skill level 6 in Polearms
  6049 | D:5      | Found a runed door.
  6106 | D:5      | Found a sacrificial altar of Ru.
  6176 | D:5      | HP: 5/55 [acid (10)]
  6185 | D:5      | Reached skill level 7 in Polearms
  6458 | D:5      | Found a runed door.
  6464 | D:5      | Found a glowing silver altar of Zin.
  6464 | D:5      | Noticed an angel
  6482 | D:5      | Reached XP level 8. HP: 50/62 MP: 9/9
  6773 | D:5      | Learned a level 2 spell: Blink
  6776 | D:5      | Learned a level 2 spell: Shroud of Golubria
  6892 | D:5      | Found an opulent altar of Gozag.
  6894 | D:5      | Found an ancient bone altar of Kikubaaqudgha.
  6988 | D:5      | Noticed Crazy Yiuf
  6995 | D:5      | Killed Crazy Yiuf
  7046 | D:6      | Reached skill level 8 in Polearms
  7138 | D:6      | Reached ** piety under Okawaru
  7469 | D:6      | Noticed Sigmund
  7487 | D:6      | Killed Sigmund
  7487 | D:6      | Reached skill level 9 in Polearms
  7551 | D:6      | Reached skill level 10 in Polearms
  7553 | D:6      | Reached XP level 9. HP: 24/69 MP: 9/12
  7587 | D:6      | Identified a scroll of acquirement
  7683 | D:6      | Slain by an ogre

Skill      XL: |  1  2  3  4  5  6  7  8  9 |
---------------+----------------------------+-----
Fighting       | 3 4 5 6 7 |  7.0
Dodging        | 1 2 3 4 5 |  5.0
Polearms       | 2 4 7 10 | 10.0
Invocations    | 1 2 4 |  4.4
Shields        | 3 |  3.3
Maces & Flails | |  1.5
Armour         | |  1.0
Translocations | |  2.4
Evocations     | |  1.0

Action                   |  1- 3 |  4- 6 |  7- 9 || total
-------------------------+-------+-------+-------++-------
Melee: Mace              |    30 |       |       ||    30
       Whip              |   124 |   118 |       ||   242
       Spear             |       |   170 |   339 ||   509
Invok: Heroism           |       |       |     4 ||     4
Evoke: Wand              |       |     3 |       ||     3
  Use: Scroll            |     4 |     6 |     2 ||    12
       Potion            |       |     8 |     2 ||    10
 Stab: Sleeping          |     1 |     1 |       ||     2
       Distracted        |     1 |       |       ||     1
  Eat: Chunk             |     3 |     8 |     9 ||    20
       Royal jelly       |       |     1 |       ||     1
Armor: Robe              |    30 |    10 |       ||    40
       Ring mail         |       |    35 |    42 ||    77
       Skin              |       |    13 |       ||    13
Dodge: Dodged            |    83 |   153 |   123 ||   359
Block: Buckler           |       |       |    34 ||    34
